 Dungeon Crawl Stone Soup version 0.28-a0-794-gafe8c5f9e9 (webtiles) character file.

Game seed: 9278246192490355863

148 funkygono the Magician (level 5, -14/35 HPs)
             Began as a Djinni Fire Elementalist on Nov 5, 2021.
             Was a Follower of Zin.
             Killed from afar by Ijyb (18 damage)
             ... with an iceblast
             ... on level 4 of the Dungeon.
             The game lasted 00:04:37 (3896 turns).

funkygono the Magician (Djinni Fire Elementalist)   Turns: 3896, Time: 00:04:37

Health: -14/35     AC:  4    Str:  7    XL:     5   Next: 56%
Gold:   129        EV: 11    Int: 17    God:    Zin [*.....] SH:  3 Dex: 14

rFire   + + .      SeeInvis .   b - +0 short sword
rCold   x . .      Faith    .   k - +0 buckler
rNeg    . . .      Spirit   .   a - +1 robe
rPois   ∞          Reflect  .   (no helmet)
rElec   .          Harm     .   m - +0 cloak
rCorr   .          Rampage  .   (no gloves)
Will    .....                   (boots unavailable)
Stlth   ++........              (no amulet)
HPRegen 0.11/turn               (no ring)
MPRegen 0.00/turn               (no ring)

@: flying
A: sickness immunity, fire resistance 2, cold vulnerability 1, float, innate
caster, hp casting, extra vitality 1
a: Renounce Religion, Recite, Donate Gold


You were on level 4 of the Dungeon.
You worshipped Zin.
Zin was aware of your devotion.
You visited 1 branch of the dungeon, and saw 4 of its levels.

You collected 143 gold pieces.
You donated 14 gold pieces to Zin.

Inventory:

Hand Weapons
 b - a +0 short sword (weapon)
Missiles
 h - 82 stones
Armour
 a - a +1 robe (worn)
 k - a +0 buckler (worn)
 l - a +0 ring mail
 m - a +0 cloak (worn)
Wands
 i - a wand of acid (5)
Potions
 d - 2 potions of berserk rage {unknown}
 e - 2 potions of mutation {unknown}
 f - 2 potions of might {unknown}
 g - a potion of brilliance {unknown}
 p - a potion of haste {unknown}
 q - a potion of invisibility {unknown}


   Skills:
 + Level 0.1 Fighting
 + Level 2.3 Dodging
 + Level 1.7 Stealth
 * Level 4.4 Spellcasting


You couldn't memorise any spells.
You knew the following spells:

 Your Spells              Type           Power      Damage    Failure   Level
a - Foxfire               Conj/Fire      72%        2x1d7     4%          1
b - Scorch                Fire           36%        2d6       6%          2
c - Conjure Flame         Conj/Fire      18%        6-21      12%         3
d - Inner Flame           Hex/Fire       18%        N/A       12%         3
e - Flame Wave            Conj/Fire      18%        3d5       38%         4
f - Freeze                Ice            72%        1d9       4%          1
g - Ensorcelled Hibernat  Hex/Ice        36%        N/A       6%          2
Your spell library was empty.

Dungeon Overview and Level Annotations

Branches:
Dungeon (4/15)
 Temple: D:4-7

Altars:
Zin

Annotations:
D:4 Ijyb


Innate Abilities, Weirdness & Mutations

You are immune to sickness and miasma.
You are immune to poison.
Your flesh is very heat resistant. (rF++)
You are vulnerable to cold. (rC-)
You float through the air rather than walking.
You learn spells naturally, not from books.
Your magical power is your life essence.
You have superior vitality. (+4 HP)


Message History

You feel a painful chill!
Casting: Foxfire (safe; 4% risk of failure)
Confirm with . or Enter, or press ? or * to list all spells.
You miscast Foxfire.
You are very lightly contaminated with residual magic.
Nothing appears to happen.
Unknown command.
Ijyb zaps a wand.
The mass of ice explodes!
The iceblast engulfs you.
Casting: Foxfire (safe; 4% risk of failure)
Confirm with . or Enter, or press ? or * to list all spells.
You conjure some foxfire!
Ijyb zaps a wand.
The mass of ice explodes!
The iceblast engulfs you!
You feel a painful chill!
* * * LOW HITPOINT WARNING * * *
The iceblast engulfs your foxfire! x2
Casting: Foxfire (safe; 4% risk of failure)
Confirm with . or Enter, or press ? or * to list all spells.
You conjure some foxfire!
* * * LOW HITPOINT WARNING * * *
Unknown command.
The foxfire hits Ijyb but does no damage.
Ijyb is lightly wounded.
The foxfire hits Ijyb but does no damage.
Ijyb is lightly wounded.
The foxfire hits Ijyb.
Ijyb is moderately wounded.
The foxfire hits Ijyb but does no damage.
Ijyb is moderately wounded.
Your magical contamination has completely faded away.
Casting: Foxfire (safe; 4% risk of failure)
Confirm with . or Enter, or press ? or * to list all spells.
Flames lash Ijyb.
Ijyb is heavily wounded.
Ijyb's fire resistance burns away.
* * * LOW HITPOINT WARNING * * *
You see here an iguana skeleton.
Ijyb is no longer more vulnerable to fire.
Ijyb zaps a wand.
The mass of ice explodes!
The iceblast engulfs you!!
You feel a painful chill!
Ouch! That really hurt!
You die...

#######
#......#
.#......#######
........#.....#
#......#..÷@.#
##......#..÷).#
........#g....#
#............#
######.#.....#
##...#.....#
##..###.....#
#.....#.....#
##.....#######


You could see Ijyb.

Vanquished Creatures
  An iguana (D:4)
  5 adders
  A shadow imp (D:3)
  3 dart slugs
  2 orcs
  3 endoplasms
  3 giant cockroaches
  5 goblins
  6 hobgoblins
  6 jackals
  5 kobolds
  A quokka (D:3)
  6 ball pythons
  4 bats
  A frilled lizard (D:3)
  6 rats
58 creatures vanquished.

Vanquished Creatures (others)
  201 foxfires
201 creatures vanquished.

Grand Total: 259 creatures vanquished

Notes
Turn   | Place    | Note
-------+----------+-------------------------------------------
     0 | D:1      | funkygono the Djinni Fire Elementalist began the quest for
                  | the Orb.
     0 | D:1      | Reached XP level 1. HP: 15/15 MP: 0/0
   566 | D:1      | Reached XP level 2. HP: 18/21 MP: 0/0
  1302 | D:2      | Reached skill level 3 in Spellcasting
  1316 | D:2      | Reached XP level 3. HP: 11/25 MP: 0/0
  1316 | D:2      | Learned a level 1 spell: Freeze
  1968 | D:2      | Found a faded altar of an unknown god.
  2047 | D:2      | Reached XP level 4. HP: 29/31 MP: 0/0
  3111 | D:3      | Reached skill level 4 in Spellcasting
  3206 | D:3      | Reached XP level 5. HP: 32/35 MP: 0/0
  3206 | D:3      | Learned a level 2 spell: Ensorcelled Hibernation
  3301 | D:3      | Found a glowing silver altar of Zin.
  3309 | D:3      | Became a worshipper of Zin the Law-Giver
  3309 | D:3      | Reached * piety under Zin
  3835 | D:4      | Noticed Ijyb
  3896 | D:4      | Killed from afar by Ijyb

Illustrated notes

Levels and vault maps discovered:
D:1:      tarquinn_simple_flora_water_d, layout_basic
D:2:      layout_rooms, shapermc_ecumenical_altar_flowoftime,
          minmay_tetromino_l4
D:3:      layout_basic, zin_statuary, chequers_serial_rivers_large_a,
          minmay_fractal_squares_5
D:4:      layout_rooms, overflow_temple_1_default, uniq_ijyb, uniq_grinder,
          uniq_robin

Skill      XL: |  1  2  3  4 |
---------------+-------------+-----
Spellcasting   | 3 4 |  4.4
Fighting       | |  0.1
Dodging        | |  2.3
Stealth        | |  1.7

Action                   |  1- 3 |  4- 6 || total
-------------------------+-------+-------++-------
Melee: Short sword       |       |     3 ||     3
 Cast: Foxfire           |    63 |    58 ||   121
       Scorch            |     2 |     5 ||     7
  Use: Scroll            |     1 |     5 ||     6
Armor: Robe              |     2 |     2 ||     4
Dodge: Dodged            |     3 |    13 ||    16
Block: Buckler           |       |     2 ||     2

Table legend: (Time is in decaauts)
 A = Elapsed time spent in this place.
 B = Non-inter-level travel time spent in this place.
 C = Inter-level travel time spent in this place.
 D = Time resting spent in this place.
 E = Time spent auto-exploring this place.
 F = Levels seen in this place.
 G = Mean time per level.
                   A        B        C        D        E       F      G
               +--------+--------+--------+--------+--------+-----+--------+
         Total |   3895 |   3835 |     60 |    104 |   3257 |   4 |  973.8 |
       Dungeon |   3895 |   3835 |     60 |    104 |   3257 |   4 |  973.8 |
               +--------+--------+--------+--------+--------+-----+--------+

Top non-repeatable levels by time:
     D:3: 1325 daAuts
     D:1: 1298 daAuts
     D:2: 956 daAuts
     D:4: 314 daAuts
